 Dungeon Crawl Stone Soup version 0.31-a0-177-g4aa6249778 (webtiles) character file.

Game seed: 1284328979448448306

128 qw the Chopper (level 5, -3/32 HPs)
             Began as a Gargoyle Fighter on June 18, 2023.
             Slain by an ogre
             ... wielding a +0 giant spiked club
              (23 damage)
             ... on level 4 of the Dungeon.
             The game lasted 00:00:51 (2097 turns).

qw the Chopper (Gargoyle Fighter)                   Turns: 2097, Time: 00:00:51

Health: -3/32      AC: 14    Str: 21    XL:     5   Next: 11%
Magic:  5/5        EV:  7    Int:  9    God:
Gold:   72         SH:  4    Dex:  9    Spells: 4/4 levels left

rFire   . . .        Y - +0 war axe (elec)
rCold   . . .        c - +0 buckler
rNeg    + . .        m - +0 chain mail
rPois   inf          h - +0 helmet
rElec   +            (no cloak)
rCorr   .            (no gloves)
SInv    .            (no boots)
Will    .....        (no amulet) Stlth
                     (no ring)
HPRegen 0.25/turn    (no ring)
MPRegen 0.09/turn

%: no passive effects
@: no status effects
A: sickness immunity, AC +4, negative energy resistance 1, electricity
resistance, torment resistance 1, petrification resistance
a: no special abilities


You were on level 4 of the Dungeon.
You visited 1 branch of the dungeon, and saw 4 of its levels.

You collected 72 gold pieces.


Innate Abilities, Weirdness & Mutations

You are immune to sickness and miasma.
Your stone body is resilient. (AC +4)
You are immune to poison.
You resist negative energy. (rN+)
You are resistant to electric shocks. (rElec)
You are resistant to unholy torment.
You are immune to petrification.


   Skills:
 - Level 3.2 Fighting
 + Level 4.7 Axes
 - Level 3.2 Armour
 - Level 3.2 Shields


You had 4 spell levels left.
You didn't know any spells.
Your spell library was empty.

Inventory:

Hand Weapons
 l - a +0 flail
 Y - a +0 war axe of electrocution (weapon)
Armour
 a - a +0 pair of gloves
 c - a +0 buckler (worn)
 h - a +0 helmet (worn)
 m - a +0 chain mail (worn)
Jewellery
 j - a ring of ice
Scrolls
 b - 3 scrolls of fog {unknown}
Potions
 d - a potion of might
 k - a potion of resistance {unknown}
 n - a potion of enlightenment

Dungeon Overview and Level Annotations

Branches:
Dungeon (3/15)

Altars:

Shops:
D:4 =[=(

Annotations:
D:3 1 runed translucent door, Crazy Yiuf


Message History

2033 ||| SHOPLISTING amulet "Niyjasuq" {Faith Str+2} (512 gold, have 62).
You can access your shopping list by pressing '$'.
2033 ||| SHOPLISTING amulet of reflection (300 gold, have 62).
You can access your shopping list by pressing '$'.
2033 ||| SHOPLISTING amulet of regeneration (300 gold, have 62).
You can access your shopping list by pressing '$'.
2033 ||| SHOPLISTING ring "Jegucs" {Int+6 Slay+2} (514 gold, have 62).
You can access your shopping list by pressing '$'.
2033 ||| SHOPLISTING ring of positive energy (200 gold, have 62).
You can access your shopping list by pressing '$'.
2033 ||| SHOPLISTING ring of protection from cold (250 gold, have 62).
You can access your shopping list by pressing '$'.
You now have 72 gold pieces (gained 10).
You see here 5 stones.
An orc comes into view. It is wielding a +0 flail.
The orc shouts!
You hit the orc but do no damage. Lightning courses through the orc!
You kill the orc!
There is a stone staircase leading down here.
Things that are here:
a +0 flail; a +0 ring mail
Found a robe.
Found a book of Vapours.
Found 6 stones.
Found an escape hatch in the ceiling.
An ogre comes into view. It is wielding a +0 giant spiked club.
You hit the ogre.
The ogre is lightly wounded.
The ogre closely misses you.
You hit the ogre.
The ogre is lightly wounded.
You block the ogre's attack.
You barely miss the ogre.
The ogre is lightly wounded.
The ogre hits you with a +0 giant spiked club!
You slash the ogre! Lightning courses through the ogre!
The ogre is almost dead.
The ogre hits you with a +0 giant spiked club!!
Ouch! That really hurt!
You die...

##.#####.######..###..7
#..####..# #...##
#.###.(.## ##.###
#.##..### #..# #.#..##
#.## #...## #.# #.###
####.#### ###
#.......#####
#....@O......
#....[:......
#.........<[..
.......########
...(##### ..## ##


You could see an ogre.

Vanquished Creatures
  An orc wizard (D:3)
  4 gnolls (D:3)
  2 adders
  2 dart slugs
  A worm (D:2)
  4 orcs
  2 endoplasms (D:2)
  A giant cockroach (D:2)
  A goblin (D:2)
  4 hobgoblins
  2 quokkas
  6 ball pythons
  4 bats
  4 frilled lizards (D:2)
  4 rats
42 creatures vanquished.

Notes
Turn   | Place    | Note
-------+----------+-------------------------------------------
     0 | D:1      | qw the Gargoyle Fighter began the quest for the Orb.
     0 | D:1      | Reached XP level 1. HP: 14/14 MP: 1/1
     0 | D:1      | 0 ||| qw: Version: 0.3-a-7-ge0c9b40
     0 | D:1      | 0 ||| qw: Game counter: 719
     0 | D:1      | 0 ||| qw: Always use a shield: true
     0 | D:1      | 0 ||| qw: God list: Okawaru
     0 | D:1      | 0 ||| qw: Allow faded altars: false
     0 | D:1      | 0 ||| qw: Do Orc after D:15 true
     0 | D:1      | 0 ||| qw: Do second Lair branch before Depths: true
     0 | D:1      | 0 ||| qw: Lair rune preference: random
     0 | D:1      | 0 ||| qw: Plans: Normal, Zot:1-4, Slime:5, God:TSO, Crypt,
                  | Tomb, Abyss, Pan, Hells, Win
     0 | D:1      | 0 ||| PLANNING D:1-11
    49 | D:1      | 49 ||| Stepping ~*~*~tactically~*~*~ (stealth).
    66 | D:1      | Reached skill level 2 in Axes
   300 | D:1      | Reached XP level 2. HP: 19/19 MP: 2/2
   416 | D:1      | 416 ||| Stepping ~*~*~tactically~*~*~ (hiding).
   417 | D:1      | 417 ||| Stepping ~*~*~tactically~*~*~ (hiding).
   800 | D:1      | 800 ||| UPGRADING to +0 helmet.
   805 | D:1      | 805 ||| UPGRADING to +0 chain mail.
   815 | D:1      | 815 ||| DROPPING +0 scale mail.
   816 | D:1      | 816 ||| READING scroll labelled WOGULA YCOES.
   826 | D:1      | 826 ||| READING scroll labelled HATIOZINUP.
   827 | D:1      | 827 ||| READING scroll labelled DOPORI GOTO.
   828 | D:1      | 828 ||| READING scroll labelled OHUIRCH MUWAMEA.
   829 | D:1      | 829 ||| READING scroll labelled RUOBRYOLOT.
  1061 | D:2      | 1061 ||| Stepping ~*~*~tactically~*~*~ (stealth).
  1062 | D:2      | 1062 ||| Stepping ~*~*~tactically~*~*~ (stealth).
  1064 | D:2      | 1064 ||| Stepping ~*~*~tactically~*~*~ (stealth).
  1066 | D:2      | 1066 ||| Stepping ~*~*~tactically~*~*~ (stealth).
  1127 | D:2      | Reached skill level 3 in Axes
  1183 | D:2      | Reached XP level 3. HP: 23/23 MP: 3/3
  1642 | D:2      | 1642 ||| READING scroll labelled ZUSOUBA SIEC.
  1643 | D:2      | 1643 ||| DRINKING 2 smoky coppery potions.
  1699 | D:3      | 1699 ||| Stepping ~*~*~tactically~*~*~ (hiding).
  1707 | D:3      | Reached XP level 4. HP: 28/28 MP: 4/4
  1711 | D:3      | Reached skill level 4 in Axes
  1745 | D:3      | 1745 ||| Stepping ~*~*~tactically~*~*~ (hiding).
  1771 | D:3      | HP: 7/28 [something/magic dart (4)]
  1776 | D:3      | HP: 3/28 [something (3)]
  1935 | D:3      | Reached XP level 5. HP: 32/32 MP: 5/5
  1962 | D:3      | Found a runed translucent door.
  1963 | D:3      | Noticed Crazy Yiuf
  2002 | D:3      | You fall into a shaft and drop 1 floor!
  2010 | D:4      | Found Pooluk's Antique Armour Shoppe.
  2011 | D:4      | Found Ziziqioxt's Weapon Shop.
  2011 | D:4      | Found Hovur's Jewellery Boutique.
  2012 | D:4      | Found Holu's Jewellery Emporium.
  2018 | D:4      | 2018 ||| SHOPLISTING +4 ring of protection (468 gold, have
                  | 62).
  2018 | D:4      | 2018 ||| SHOPLISTING amulet of Joqododi {Faith rElec rC+
                  | Will+} (865 gold, have 62).
  2018 | D:4      | 2018 ||| SHOPLISTING ring of fire (325 gold, have 62).
  2018 | D:4      | 2018 ||| SHOPLISTING ring of resist corrosion (260 gold,
                  | have 62).
  2018 | D:4      | 2018 ||| SHOPLISTING ring of see invisible (195 gold, have
                  | 62).
  2023 | D:4      | 2023 ||| SHOPLISTING pair of boots (85 gold, have 62).
  2023 | D:4      | 2023 ||| SHOPLISTING pair of glowing boots (142 gold, have
                  | 62).
  2023 | D:4      | 2023 ||| SHOPLISTING runed chain mail (142 gold, have 62).
  2033 | D:4      | 2033 ||| SHOPLISTING amulet "Niyjasuq" {Faith Str+2} (512
                  | gold, have 62).
  2033 | D:4      | 2033 ||| SHOPLISTING amulet of reflection (300 gold, have
                  | 62).
  2033 | D:4      | 2033 ||| SHOPLISTING amulet of regeneration (300 gold, have
                  | 62).
  2033 | D:4      | 2033 ||| SHOPLISTING ring "Jegucs" {Int+6 Slay+2} (514
                  | gold, have 62).
  2033 | D:4      | 2033 ||| SHOPLISTING ring of positive energy (200 gold,
                  | have 62).
  2033 | D:4      | 2033 ||| SHOPLISTING ring of protection from cold (250
                  | gold, have 62).
  2088 | D:4      | Noticed an ogre
  2097 | D:4      | Slain by an ogre

Levels and vault maps discovered:
D:1:      dpeg_arrival_orchard, layout_loops_cross
D:2:      layout_loops_ring
D:3:      layout_loops_ring, nicolae_overflow_hidden_temple,
          grunt_ministairs_11, minmay_fractal_squares_diagonal_5,
          uniq_crazy_yiuf_cottage
D:4:      layout_rooms, minmay_temple_entry_offerings,
          minmay_stone_trees_medium, nicolae_shop_i_like_big_books,
          nicolae_wooded_promenade

Skill      XL: |  1  2  3  4 |
---------------+-------------+-----
Axes           | 2 3 4 |  4.7
Fighting       | |  3.2
Armour         | |  3.2
Shields        | |  3.2

Action                     |  1- 3 |  4- 6 || total
---------------------------+-------+-------++-------
  Melee: War axe           |    70 |    39 ||   109
    Use: Scroll            |     6 |       ||     6
         Potion            |     1 |       ||     1
 Armour: Scale mail        |     9 |       ||     9
         Chain mail        |    13 |    31 ||    44
  Dodge: Dodged            |    31 |     6 ||    37
  Block: Buckler           |    15 |     8 ||    23

Table legend:
 A = Non-vault XP
 B = Vault XP
 C = Vault XP percentage of total XP
 D = Non-vault monster count
 E = Vault monster count
 F = Vault count percentage of total count
                 A         B        C        D         E       F
            +---------+---------+-------+---------+---------+-------
      Total |     183 |       0 |   0.0 |      42 |       0 |   0.0
            +---------+---------+-------+---------+---------+-------
        D:1 |      18 |       0 |   0.0 |      11 |       0 |   0.0
        D:2 |      41 |       0 |   0.0 |      17 |       0 |   0.0
        D:3 |     106 |       0 |   0.0 |      11 |       0 |   0.0
        D:4 |      18 |       0 |   0.0 |       3 |       0 |   0.0
            +---------+---------+-------+---------+---------+-------
